 Dungeon Crawl Stone Soup version 0.31-a0-846-gb3bcc0d938 (webtiles) character file.

Game seed: 4891268438786312099

66 Pixllover the Conjurer (level 3, -1/19 HPs)
             Began as a Deep Elf Conjurer on Oct 4, 2023.
             Slain by a black bear (3 damage)
             ... on level 3 of the Dungeon.
             The game lasted 00:06:48 (1661 turns).

Pixllover the Conjurer (Deep Elf Conjurer)          Turns: 1661, Time: 00:06:49

Health: -1/19      AC:  2    Str:  4    XL:     3   Next: 96%
Magic:  8/10       EV: 12    Int: 24    God:
Gold:   224        SH:  0    Dex: 13    Spells: 8/9 levels left

rFire   . . .        (no weapon)
rCold   . . .        (no shield)
rNeg    . . .        a - +0 robe
rPois   .            (no helmet)
rElec   .            (no cloak)
rCorr   .            (no gloves)
SInv    .            (no boots)
Will    .....        (no amulet)
Stlth   ++           (no ring)
HPRegen 0.23/turn    (no ring)
MPRegen 0.12/turn

%: no passive effects
@: no status effects
A: no striking features
a: no special abilities


You were on level 3 of the Dungeon.
You visited 1 branch of the dungeon, and saw 3 of its levels.

You collected 224 gold pieces.

Inventory:

Hand Weapons
 c - a +0 dagger
Missiles
 k - 6 poisoned darts (quivered)
Armour
 a - a +0 robe (worn)
Jewellery
 i - an amulet of guardian spirit
Scrolls
 b - a scroll of fog {unknown}
 h - 2 scrolls of amnesia
 l - a scroll of poison {unknown}
Potions
 d - 2 potions of heal wounds
 e - 2 potions of mutation {unknown}
 f - a potion of might {unknown}
 g - a potion of enlightenment
 j - a potion of brilliance {unknown}


   Skills:
 + Level 2.7 Dodging
 + Level 3.0 Stealth
 + Level 3.5 Spellcasting
 + Level 5.5 Conjurations


You had 8 spell levels left.
You knew the following spells:

 Your Spells              Type           Power      Damage    Failure   Level
a - Magic Dart            Conj           100%       1d8       1%          1

Your spell library contained the following spells:

 Spells                   Type           Power      Damage    Failure   Level
 Searing Ray              Conj           60%        2d6       1%          2
 Dazzling Flash           Conj/Hex       34%        N/A       10%         3
 Slow                     Hex            16%        N/A       11%         1
 Confusing Touch          Hex            4%         N/A       30%         3
 Sigil of Binding         Hex            4%         N/A       30%         3
 Vampiric Draining        Necr           4%         2d6       30%         3
 Fulminant Prism          Conj/Hex       8%         3d7       32%         4
 Iskenderun's Mystic Bla  Conj/Tloc      17%        2d5       32%         4


Dungeon Overview and Level Annotations

Branches:
Dungeon (3/15)

Altars:

Shops:
D:1 [[


Message History

Found 17 gold pieces.
You now have 195 gold pieces (gained 6).
You now have 212 gold pieces (gained 17).
Found a leather armour.
You see here 3 stones.
You now have 224 gold pieces (gained 12).
e - 2 viscous inky potions (gained 1)
A black bear comes into view.
A frilled lizard comes into view.
Casting: Magic Dart (safe; 1% risk of failure)
Confirm with . or Enter, or press ? or * to list all spells.
Aiming: Magic Dart (safe; 1% risk of failure)
Press: ? - help, Shift-Dir - straight line, f - black bear
Aim: a black bear (100% to hit)
The magic dart hits the black bear.
The black bear is lightly wounded.
Casting: Magic Dart (safe; 1% risk of failure)
Confirm with . or Enter, or press ? or * to list all spells.
Aiming: Magic Dart (safe; 1% risk of failure)
Press: ? - help, Shift-Dir - straight line, f/p - black bear
Aim: a black bear (lightly wounded, 100% to hit)
The magic dart hits the black bear but does no damage.
The black bear is lightly wounded.
Casting: Magic Dart (safe; 1% risk of failure)
Confirm with . or Enter, or press ? or * to list all spells.
Aiming: Magic Dart (safe; 1% risk of failure)
Press: ? - help, Shift-Dir - straight line, f/p - black bear
Aim: a black bear (lightly wounded, 100% to hit)
The magic dart hits the black bear!
The black bear is moderately wounded.
Okay, then.
The black bear bites you! The black bear barely misses you. x2
The black bear attacks as it pursues you!
The black bear bites you. The black bear claws you.
* * * LOW HITPOINT WARNING * * *
The black bear claws you but does no damage.
The black bear attacks as it pursues you!
The black bear bites you.
* * * LOW HITPOINT WARNING * * *
The black bear barely misses you. The black bear claws you.
You die...

.. ......... ....#######... .
##......####.... .###..
............ #
.....####....#.#... #.
#######....###.....#.#. #.#
####.....#......##....#.#. #..#
#..[.............##...#...
#..##.......h@..........#.....
#..#.......................#.
#.........................##.
#.......(........รท).....###..
####....................#.##...#
#............................#..
#.##...................##......#
. #.....#.............##.......
#..............#.......##....


You could see a black bear.

Vanquished Creatures
  2 adders (D:3)
  4 dart slugs
  4 bats
  6 endoplasms
  A giant cockroach (D:1)
  3 goblins
  3 hobgoblins
  2 quokkas (D:3)
  3 ball pythons
  A frilled lizard (D:1)
  4 kobolds
  2 rats (D:1)
35 creatures vanquished.

Notes
Turn   | Place    | Note
-------+----------+-------------------------------------------
     0 | D:1      | Pixllover the Deep Elf Conjurer began the quest for the
                  | Orb.
     0 | D:1      | Reached XP level 1. HP: 10/10 MP: 6/6
    98 | D:1      | Found Mulynaq's Armour Shop.
   285 | D:1      | Reached XP level 2. HP: 14/15 MP: 4/8
   285 | D:1      | Found Dahauh's Antique Armour Shoppe.
   488 | D:1      | Reached skill level 5 in Conjurations
   515 | D:1      | You fall into a shaft and drop 1 floor!
   997 | D:2      | Reached XP level 3. HP: 6/19 MP: 0/9
  1643 | D:3      | Noticed a black bear
  1661 | D:3      | Slain by a black bear

Illustrated notes

Levels and vault maps discovered:
D:1:      eino_arrival_tree_alley, layout_basic, serial_shops, shop,
          nicolae_lakefront_shop, minmay_tromino_v2
D:2:      layout_rooms, chequers_serial_rivers_micro_a,
          kennysheep_generic_room_11
D:3:      layout_rooms, nicolae_overflow_squiral, hex_intersection,
          uniq_crazy_yiuf_cottage

Skill      XL: |  1  2  3 |
---------------+----------+-----
Conjurations   | 5 |  5.5
Stealth        | 3 |  3.0
Dodging        | |  2.7
Spellcasting   | |  3.5

Action                     || total
---------------------------++-------
  Melee: Unarmed           ||     1
   Cast: Magic Dart        ||    73
    Use: Potion            ||     4
         Scroll            ||     1
 Armour: Robe              ||    30
  Dodge: Dodged            ||    36

Table legend: (Time is in decaauts)
 A = Elapsed time spent in this place.
 B = Non-inter-level travel time spent in this place.
 C = Inter-level travel time spent in this place.
 D = Time resting spent in this place.
 E = Time spent auto-exploring this place.
 F = Levels seen in this place.
 G = Mean time per level.
                   A        B        C        D        E       F      G
               +--------+--------+--------+--------+--------+-----+--------+
         Total |   1661 |   1645 |     16 |     24 |    857 |   3 |  553.7 |
       Dungeon |   1661 |   1645 |     16 |     24 |    857 |   3 |  553.7 |
               +--------+--------+--------+--------+--------+-----+--------+

Top non-repeatable levels by time:
     D:1: 874 daAuts
     D:2: 558 daAuts
     D:3: 228 daAuts
